 Dungeon Crawl Stone Soup version 0.20-a0-1026-gc3ddcbd (webtiles) character file.

37 sugabear the Slasher (level 3, -4/18 HPs)
             Began as a Vine Stalker Gladiator on Apr 20, 2017.
             Slain by a gnoll (5 damage)
             ... on level 2 of the Dungeon.
             The game lasted 00:00:52 (1091 turns).

sugabear the Slasher (Vine Stalker Gladiator)       Turns: 1091, Time: 00:00:52

Health: -4/18      AC:  4    Str: 17    XL:     3   Next: 39%
Magic:  0/4        EV: 13    Int:  8    God:
Gold:   78         SH:  0    Dex: 15    Spells: 2/2 levels left

rFire    . . .     SeeInvis .   a - +0 long sword
rCold    . . .     Gourm    .   (no shield)
rNeg     . . .     Faith    .   b - +0 leather armour
rPois    .         Spirit   +   c - +0 helmet
rElec    .         Reflect  .   (no cloak)
rCorr    .         Harm     .   (no gloves)
MR       .....                  (no boots)
Stlth    +.........             (no amulet)
Regen    0.1/turn               (no ring)
MPRegen  0.1/turn               (no ring)

@: no status effects
A: fangs 2, magic shield, antimagic bite, no potion heal 3, rot immunity
a: no special abilities


You were on level 2 of the Dungeon.
You were not hungry.

You visited 1 branch of the dungeon, and saw 2 of its levels.

You collected 78 gold pieces.

Inventory:

Hand Weapons
 a - a +0 long sword (weapon)
Missiles
 d - 3 throwing nets (quivered)
Armour
 b - a +0 leather armour (worn)
 c - a +0 helmet (worn)
Scrolls
 h - a scroll of identify {unknown}
 i - a scroll of fog {unknown}
 j - a scroll of fear {unknown}
 k - a scroll of remove curse {unknown}
Potions
 e - a potion of lignification {unknown}
 g - a potion of mutation {unknown}
 l - 2 potions of heal wounds {unknown}
 m - a potion of curing {unknown}
Comestibles
 f - 2 bread rations
 n - 4 chunks of flesh


   Skills:
 + Level 1.9 Fighting
 + Level 3.4 Long Blades
 + Level 1.8 Throwing
 + Level 0.2 Armour
 + Level 2.7 Dodging
 + Level 0.3 Stealth


You had 2 spell levels left.
You didn't know any spells.

Dungeon Overview and Level Annotations

Branches:
Dungeon (2/15)

Altars:


Innate Abilities, Weirdness & Mutations

You have extremely sharp teeth.
When hurt, damage is shared between your health and your magic reserves.
Your bite disrupts and absorbs the magic of your enemies.
Potions cannot restore your health.
You are immune to rotting.


Message History

The gnoll hits you but does no damage. The gnoll barely misses you.
You hit the gnoll. Your bite misses the gnoll.
The gnoll is moderately wounded.
The gnoll closely misses you.
You riposte.
You hit the gnoll but do no damage. The gnoll barely misses you.
You riposte.
You hit the gnoll but do no damage.
The gnoll is moderately wounded.
The gnoll hits you but does no damage.
Your leather armour prevents you from hitting the gnoll.
The gnoll is moderately wounded.
The gnoll hits you but does no damage. The gnoll hits you with a halberd!
Ouch! That really hurt!
The gnoll barely misses you.
You riposte.
You closely miss the gnoll. Your bite misses the gnoll.
You are too injured to fight recklessly!
You are too injured to fight recklessly!
Unknown command.
The gnoll hits you from afar with an enchanted spear.
* * * LOW HITPOINT WARNING * * *
The gnoll closely misses you. The gnoll barely misses you. The gnoll hits you.
You die...

#......#(.....#
#######....####
#....####
#.........
#...######
#...#
##.####...#####
#....?.g(......
.......@......#
#......g.....##
...###.gg..##.#
.. #?.(..# #. #
#.....# #.....#
#.....# #.....#


You could see 4 gnolls.

Vanquished Creatures
  An adder (D:1)
  A worm (D:2)
  2 leopard geckos (D:1)
  2 hobgoblins (D:1)
  3 jackals (D:1)
  3 bats (D:1)
  A frilled lizard (D:1)
  5 goblins
  4 kobolds
  2 rats
24 creatures vanquished.

Notes
Turn   | Place    | Note
-------+----------+-------------------------------------------
     0 | D:1      | sugabear the Vine Stalker Gladiator began the quest for the Orb.
     0 | D:1      | Reached XP level 1. HP: 11/11 MP: 2/2
   288 | D:1      | Reached skill level 3 in Long Blades
   319 | D:1      | Reached XP level 2. HP: 15/15 MP: 3/3
   699 | D:1      | Reached XP level 3. HP: 18/18 MP: 4/4
  1091 | D:2      | Slain by a gnoll

Vault maps used:
D:1:      elethiomel_arrival_shortcut

Skill      XL: |  1 |
---------------+----+-----
Long Blades    | 3 |  3.4
Fighting       | |  1.9
Throwing       | |  1.8
Armour         | |  0.2
Dodging        | |  2.7
Stealth        | |  0.3

Action                   || total
-------------------------++-------
Melee: Long sword        ||    50
       Bite              ||    17
 Stab: Sleeping          ||     1
  Eat: Chunk             ||     1
Armor: Leather armour    ||    15
Dodge: Dodged            ||    53
       Rpst.: Long sword ||    25
